MID
AUGUSTA GREENJACKETS @ SOUTH BEND CUBS
08/15/2044
 
TOP OF THE 1ST
Augusta GreenJackets batting - Pitching for South Bend Cubs : LHP Jose Carrillo
Pitching: LHP Jose Carrillo
Batting: LHB Kevin Kantor 0-0: Foul Ball, location: 2F
0-1: Ball
1-1: Foul Ball, location: 2F
1-2: Ball
2-2: Fly out, F9 (Flyball, 9LM, EV 81.9 MPH)
Batting: RHB Lucan Esini 0-0: Ball
1-0: Swinging Strike
1-1: Ground out U3 (Groundball, 13, EV 83.8 MPH)
Batting: RHB Chris King 0-0: Called Strike
0-1: Ball
1-1: Ground out 6-3 (Groundball, 6, EV 87.5 MPH)
Top of the 1st over - 0 runs, 0 hits, 0 errors, 0 left on base; Augusta 0 - South Bend 0
BOTTOM OF THE 1ST
South Bend Cubs batting - Pitching for Augusta GreenJackets : RHP Dan Post
Pitching: RHP Dan Post
Batting: RHB Jason Ostrom 0-0: Called Strike
0-1: Ball
1-1: Bunt missed!
1-2: Ball
2-2: Ground out U3 (Groundball, 3, EV 103.8 MPH)
Batting: LHB Andy Bordeaux 0-0: Ground out 1-3 (Groundball, 34S, EV 61.9 MPH)
Batting: RHB Mike Savage 0-0: Ball
1-0: Ball
2-0: Foul Ball, location: 2F
2-1: Fly out, F8 (Flyball, 8RS, EV 92.5 MPH)
Bottom of the 1st over - 0 runs, 0 hits, 0 errors, 0 left on base; Augusta 0 - South Bend 0
TOP OF THE 2ND
Augusta GreenJackets batting - Pitching for South Bend Cubs : LHP Jose Carrillo
Batting: RHB Omar Jordan 0-0: Ball
1-0: Swinging Strike
1-1: Called Strike
1-2: Strikes out swinging
Batting: RHB Mike Buchanan 0-0: SINGLE (Groundball, 5D, EV 93.8 MPH)
Batting: RHB Drew Duncan 0-0: Called Strike
Mike Buchanan steals 2nd base
0-1: Ball
1-1: Ball
Wild Pitch!
Mike Buchanan to third
2-1: Called Strike
2-2: SINGLE (Groundball, 6D, EV 104.4 MPH)
Mike Buchanan scores
Batting: RHB Ian Richardson 0-0: Called Strike
0-1: Called Strike
0-2: Foul Ball, location: 2F
0-2: Strikes out swinging
Batting: RHB Mike Jones 0-0: Foul Ball, location: 2F
0-1: Fly out, F6 (Popup, 56D, EV 60.6 MPH)
Top of the 2nd over - 1 run, 2 hits, 0 errors, 1 left on base; Augusta 1 - South Bend 0
BOTTOM OF THE 2ND
South Bend Cubs batting - Pitching for Augusta GreenJackets : RHP Dan Post
Batting: LHB Mike DiNardo 0-0: Ball
1-0: Ball
2-0: Ball
3-0: Base on Balls
Batting: LHB Shuan-yan Wu 0-0: Called Strike
0-1: Ball
1-1: Ball
2-1: Foul Ball, location: 2F
2-2: Hit by Pitch
Mike DiNardo to second
Batting: SHB Benoît Morin 0-0: Called Strike
0-1: Called Strike
0-2: Ball
1-2: Ball
2-2: Strikes out looking
Batting: LHB Jim Polson 0-0: Ball
1-0: Called Strike
1-1: SINGLE (Line Drive, 4MD, EV 95.6 MPH)
Mike DiNardo to third
Shuan-yan Wu to second
Batting: RHB Omar Novoa 0-0: Ball
1-0: Ball
2-0: Called Strike
2-1: Foul Ball, location: 2F
2-2: Strikes out swinging
Batting: SHB Alvaro Andrade 0-0: Ball
1-0: Ball
2-0: Foul Ball, location: 2F
2-1: Foul Ball, location: 2F
2-2: Strikes out swinging
Bottom of the 2nd over - 0 runs, 1 hit, 0 errors, 3 left on base; Augusta 1 - South Bend 0
TOP OF THE 3RD
Augusta GreenJackets batting - Pitching for South Bend Cubs : LHP Jose Carrillo
Batting: RHB Devin Lowery 0-0: Foul Ball, location: 2F
0-1: Swinging Strike
0-2: Ground out 5-3 (Groundball, 56S, EV 85.0 MPH)
Batting: LHB Kevin Kantor 0-0: Ball
1-0: Foul Ball, location: 2F
1-1: Ball
2-1: Ball
3-1: Foul Ball, location: 2F
3-2: Base on Balls
Batting: RHB Lucan Esini 0-0: Called Strike
0-1: Called Strike
0-2: Ball
1-2: Ball
2-2: Foul Ball, location: 2F
2-2: Foul Ball, location: 2F
2-2: Strikes out swinging
Batting: RHB Chris King 0-0: Ball
1-0: Fly out, F6 (Popup, 6, EV 61.3 MPH)
Top of the 3rd over - 0 runs, 0 hits, 0 errors, 1 left on base; Augusta 1 - South Bend 0
BOTTOM OF THE 3RD
South Bend Cubs batting - Pitching for Augusta GreenJackets : RHP Dan Post
Batting: RHB Jason Ostrom 0-0: Called Strike
0-1: Called Strike
0-2: Ball
1-2: Ball
2-2: Ball
3-2: Base on Balls
Batting: LHB Andy Bordeaux 0-0: Ball
Jason Ostrom steals 2nd base
1-0: SINGLE (Line Drive, 34, EV 102.5 MPH)
Jason Ostrom to third
Runner from 3rd tries for Home, SAFE, throw by RF to home
Batting: RHB Mike Savage 0-0: Foul Ball, location: 2F
0-1: Ball
1-1: Called Strike
1-2: Strikes out looking
Batting: LHB Mike DiNardo 0-0: Ball
1-0: Called Strike
Andy Bordeaux steals 2nd base
1-1: Ground out 6-3 (Groundball, 4M, EV 83.1 MPH)
Andy Bordeaux to third
Batting: LHB Shuan-yan Wu 0-0: Called Strike
0-1: Ball
1-1: Foul Ball, location: 2F
1-2: SINGLE (Groundball, 34D, EV 105.6 MPH)
Andy Bordeaux scores
Batting: SHB Benoît Morin 0-0: Ball
1-0: Called Strike
1-1: SINGLE (Line Drive, 7LS, EV 90.0 MPH)
Shuan-yan Wu to second
Batting: LHB Jim Polson 0-0: Foul Ball, location: 2F
0-1: Called Strike
0-2: Strikes out swinging
Bottom of the 3rd over - 2 runs, 3 hits, 0 errors, 2 left on base; Augusta 1 - South Bend 2
TOP OF THE 4TH
Augusta GreenJackets batting - Pitching for South Bend Cubs : LHP Jose Carrillo
Batting: RHB Omar Jordan 0-0: Ball
1-0: Swinging Strike
1-1: Swinging Strike
1-2: Ball
2-2: Strikes out swinging
Batting: RHB Mike Buchanan 0-0: Called Strike
0-1: Swinging Strike
0-2: Ball
1-2: Ball
2-2: SINGLE (Groundball, 4MD, EV 105.0 MPH)
Batting: RHB Drew Duncan 0-0: Fly out, F7 (Flyball, 7S, EV 75.0 MPH)
Batting: RHB Ian Richardson 0-0: Ball
1-0: Ball
2-0: Ball
3-0: Foul Ball, location: 2F
3-1: Foul Ball, location: 2F
3-2: Strikes out swinging
Top of the 4th over - 0 runs, 1 hit, 0 errors, 1 left on base; Augusta 1 - South Bend 2
BOTTOM OF THE 4TH
South Bend Cubs batting - Pitching for Augusta GreenJackets : RHP Dan Post
Batting: RHB Omar Novoa 0-0: Ball
1-0: Fly out, F7 (Line Drive, 7D, EV 90.6 MPH)
Batting: SHB Alvaro Andrade 0-0: Called Strike
0-1: Foul Ball, location: 2F
0-2: Ball
1-2: Ball
2-2: Ground out 6-3 (Groundball, 4MD, EV 85.0 MPH)
Batting: RHB Jason Ostrom 0-0: Foul Ball, location: 2F
0-1: Ball
1-1: Ball
2-1: Ball
3-1: Base on Balls
Batting: LHB Andy Bordeaux 0-0: Called Strike
0-1: Called Strike
0-2: Ball
Jason Ostrom is caught stealing 2nd base 2-6
Bottom of the 4th over - 0 runs, 0 hits, 0 errors, 0 left on base; Augusta 1 - South Bend 2
TOP OF THE 5TH
Augusta GreenJackets batting - Pitching for South Bend Cubs : LHP Jose Carrillo
Batting: RHB Mike Jones 0-0: Ball
1-0: Ground out 6-3 (Groundball, 6, EV 88.8 MPH)
Batting: RHB Devin Lowery 0-0: Ball
1-0: Ball
2-0: Foul Ball, location: 2F
2-1: Ball
3-1: Swinging Strike
3-2: Foul Ball, location: 2F
3-2: Base on Balls
Pitching: RHP Daniel Sullivan
Batting: LHB Kevin Kantor 0-0: Called Strike
0-1: Called Strike
0-2: Ball
1-2: Ball
2-2: Foul Ball, location: 2F
2-2: DOUBLE (Flyball, 8RD, EV 106.9 MPH)
Devin Lowery to third
Runner from 3rd tries for Home, throw by CF and OUT! 8-4-2
Kevin Kantor to third
Batting: RHB Lucan Esini 0-0: Called Strike
0-1: DOUBLE (Groundball, 5L, EV 94.4 MPH)
Kevin Kantor scores
Batting: RHB Chris King 0-0: Ball
1-0: Foul Ball, location: 2F
1-1: Ball
2-1: Ball
3-1: Base on Balls
Batting: RHB Omar Jordan 0-0: Ball
1-0: Ball
2-0: Ball
3-0: Called Strike
3-1: Base on Balls
Lucan Esini to third
Chris King to second
Pitching: LHP Andres Lobato
Batting: RHB Mike Buchanan 0-0: Foul Ball, location: 2F
0-1: Foul Ball, location: 2F
0-2: Ball
1-2: Strikes out swinging
Top of the 5th over - 1 run, 2 hits, 0 errors, 3 left on base; Augusta 2 - South Bend 2
BOTTOM OF THE 5TH
South Bend Cubs batting - Pitching for Augusta GreenJackets : RHP Dan Post
Batting: LHB Andy Bordeaux 0-0: Ball
1-0: Ball
2-0: Ball
3-0: Called Strike
3-1: Called Strike
3-2: Base on Balls
Pitching: RHP John Bittinger
Batting: RHB Mike Savage 0-0: Ball
1-0: Ball
Andy Bordeaux steals 2nd base
2-0: Called Strike
2-1: Fly out, F9 (Line Drive, 9, EV 95.6 MPH)
Batting: LHB Mike DiNardo 0-0: Ball
1-0: Called Strike
1-1: Ball
Andy Bordeaux steals 3rd base
2-1: Swinging Strike
2-2: Ball
3-2: Base on Balls
Batting: LHB Shuan-yan Wu 0-0: Ball
1-0: Ball
2-0: Ball
3-0: Called Strike
3-1: Base on Balls
Mike DiNardo to second
Batting: SHB Benoît Morin 0-0: Foul Ball, location: 2F
0-1: Swinging Strike
0-2: Ball
1-2: Ball
2-2: SINGLE (Groundball, 34D, EV 106.3 MPH) (infield hit)
Andy Bordeaux scores
Mike DiNardo to third
Shuan-yan Wu to second
Batting: LHB Jim Polson 0-0: Foul Ball, location: 2F
0-1: Ball
1-1: Ball
2-1: Grounds into double play, 4-6-3 (Groundball, 4, EV 90.6 MPH)
Bottom of the 5th over - 1 run, 1 hit, 0 errors, 2 left on base; Augusta 2 - South Bend 3
TOP OF THE 6TH
Augusta GreenJackets batting - Pitching for South Bend Cubs : LHP Andres Lobato
Batting: RHB Drew Duncan 0-0: Ball
1-0: Ball
2-0: Ball
3-0: Called Strike
3-1: Base on Balls
Batting: RHB Ian Richardson 0-0: SINGLE (Line Drive, 4D, EV 96.9 MPH)
Drew Duncan to second
Batting: RHB Mike Jones 0-0: Ball
1-0: Swinging Strike
1-1: Foul Ball, location: 2F
1-2: Ball
2-2: Ball
3-2: Base on Balls
Drew Duncan to third
Ian Richardson to second
Batting: RHB Devin Lowery 0-0: Foul Ball, location: 2F
0-1: Ball
1-1: SINGLE (Flyball, 9S, EV 92.5 MPH)
Drew Duncan scores
Ian Richardson to third
Mike Jones to second
Runner from 3rd tries for Home, SAFE, throw by RF to home
Pitching: RHP Eric Allen
Batting: LHB Kevin Kantor 0-0: Ball
1-0: Ball
2-0: Foul Ball, location: 2F
2-1: Called Strike
2-2: Foul Ball, location: 2F
2-2: Fly out, F7 (Line Drive, 7, EV 91.3 MPH)
Batting: RHB Lucan Esini 0-0: Foul Ball, location: 2F
0-1: Fly out, F9 (Flyball, 89D, EV 95.0 MPH)
Batting: RHB Chris King 0-0: Called Strike
0-1: 3-RUN HOME RUN (Flyball, 7LD, EV 99.4 MPH), Distance : 366 ft
Batting: RHB Omar Jordan 0-0: Called Strike
0-1: Ground out U3 (Groundball, 34S, EV 87.5 MPH)
Top of the 6th over - 5 runs, 3 hits, 0 errors, 0 left on base; Augusta 7 - South Bend 3
BOTTOM OF THE 6TH
South Bend Cubs batting - Pitching for Augusta GreenJackets : RHP John Bittinger
Batting: RHB Omar Novoa 0-0: Ball
1-0: Ground out 5-3 (Groundball, 5, EV 81.3 MPH)
Batting: SHB Alvaro Andrade 0-0: Swinging Strike
0-1: Ball
1-1: Ball
2-1: Foul Ball, location: 2F
2-2: Foul Ball, location: 2F
2-2: Ball
3-2: Strikes out swinging
Batting: RHB Jason Ostrom 0-0: Foul Ball, location: 2F
0-1: Called Strike
0-2: Ball
1-2: Ball
2-2: Ball
3-2: Strikes out swinging
Bottom of the 6th over - 0 runs, 0 hits, 0 errors, 0 left on base; Augusta 7 - South Bend 3
TOP OF THE 7TH
Augusta GreenJackets batting - Pitching for South Bend Cubs : RHP Eric Allen
Batting: RHB Mike Buchanan 0-0: Called Strike
0-1: Swinging Strike
0-2: Ball
1-2: Ball
2-2: Ball
3-2: Ground out 5-3 (Groundball, 56, EV 95.0 MPH)
Batting: RHB Drew Duncan 0-0: Called Strike
0-1: Ball
1-1: Ball
2-1: Fly out, F7 (Line Drive, 7, EV 88.1 MPH)
Batting: RHB Ian Richardson 0-0: Ball
1-0: Ball
2-0: Ball
3-0: Called Strike
3-1: Foul Ball, location: 2F
3-2: Foul Ball, location: 2F
3-2: Base on Balls
Batting: RHB Mike Jones 0-0: Ball
Ian Richardson steals 2nd base
1-0: 2-RUN HOME RUN (Flyball, 7LD, EV 94.4 MPH), Distance : 362 ft
Batting: RHB Devin Lowery 0-0: Called Strike
0-1: Ball
1-1: SINGLE (Line Drive, 9S, EV 105.0 MPH)
Batting: LHB Kevin Kantor 0-0: Called Strike
Pickoff Throw by Catcher to First - Error! E2
Devin Lowery to second
0-1: Swinging Strike
0-2: DOUBLE (Line Drive, 7LS, EV 100.6 MPH)
Devin Lowery scores
Batting: RHB Lucan Esini 0-0: Ball
1-0: Ball
2-0: Foul Ball, location: 2F
2-1: Swinging Strike
2-2: Ball
3-2: Base on Balls
Batting: RHB Chris King 0-0: Called Strike
0-1: Ball
1-1: Ball
2-1: Foul Ball, location: 2F
2-2: Foul Ball, location: 2F
2-2: Ball
3-2: Foul Ball, location: 2F
3-2: Base on Balls
Kevin Kantor to third
Lucan Esini to second
Batting: RHB Omar Jordan 0-0: Ball
1-0: Foul Ball, location: 2F
1-1: Foul Ball, location: 2F
1-2: Foul Ball, location: 2F
1-2: Foul Ball, location: 2F
1-2: Foul Ball, location: 2F
1-2: Ball
2-2: Ball
3-2: SINGLE (Flyball, 8RS, EV 83.1 MPH)
Kevin Kantor scores
Lucan Esini to third
Chris King to second
Lucan Esini scores
Chris King to third
Batting: RHB Mike Buchanan 0-0: Called Strike
0-1: Ball
1-1: Ball
2-1: Ball
3-1: Foul Ball, location: 2F
3-2: Foul Ball, location: 2F
3-2: Base on Balls
Omar Jordan to second
Pitching: LHP Bill Tardiff
Batting: RHB Drew Duncan 0-0: Ball
1-0: Called Strike
1-1: DOUBLE (Line Drive, 9LM, EV 114.4 MPH)
Chris King scores
Omar Jordan scores
Mike Buchanan to third
Runner from 3rd tries for Home, SAFE, throw by RF to trailing runner, SAFE at third!
Batting: RHB Ian Richardson 0-0: Ground out 5-3 (Groundball, 56S, EV 87.5 MPH)
Top of the 7th over - 8 runs, 5 hits, 1 error, 1 left on base; Augusta 15 - South Bend 3
BOTTOM OF THE 7TH
South Bend Cubs batting - Pitching for Augusta GreenJackets : RHP John Bittinger
Batting: LHB Andy Bordeaux 0-0: Foul Ball, location: 2F
0-1: Ball
1-1: Swinging Strike
1-2: Ball
2-2: Ball
3-2: Base on Balls
Pitching: LHP Ian Martin
Batting: RHB Mike Savage 0-0: Called Strike
0-1: Ball
Andy Bordeaux steals 2nd base
1-1: Fly out, F5 (Popup, 56, EV 61.9 MPH)
Batting: LHB Mike DiNardo 0-0: Ground out 4-3 (Groundball, 4, EV 81.3 MPH)
Andy Bordeaux to third
Batting: LHB Shuan-yan Wu 0-0: Ball
1-0: Called Strike
1-1: Ball
2-1: Foul Ball, location: 2F
2-2: Ball
3-2: Foul Ball, location: 2F
3-2: Strikes out swinging
Bottom of the 7th over - 0 runs, 0 hits, 0 errors, 1 left on base; Augusta 15 - South Bend 3
TOP OF THE 8TH
Augusta GreenJackets batting - Pitching for South Bend Cubs : LHP Bill Tardiff
Batting: RHB Mike Jones 0-0: Ball
1-0: Ground out 4-3 (Groundball, 4, EV 103.1 MPH)
Batting: RHB Devin Lowery 0-0: Foul Ball, location: 2F
0-1: Foul Ball, location: 2F
0-2: Foul Ball, location: 2F
0-2: Ball
1-2: Ball
2-2: Hit by Pitch
Batting: LHB Kevin Kantor 0-0: Called Strike
0-1: Ball
1-1: Ball
2-1: Foul Ball, location: 2F
2-2: Ball
3-2: Foul Ball, location: 2F
3-2: Fielders Choice at 2nd, 4-6 (Groundball, 4, EV 91.3 MPH)
Pitching: RHP John Madden
Batting: RHB Lucan Esini 0-0: Ball
1-0: Ball
2-0: SINGLE (Groundball, 34D, EV 107.5 MPH)
Kevin Kantor to second
Batting: RHB Chris King 0-0: Ball
1-0: Called Strike
1-1: Ball
2-1: Swinging Strike
2-2: SINGLE (Groundball, 6D, EV 105.0 MPH)
Kevin Kantor to third
Lucan Esini to second
Runner from 3rd tries for Home, throw by CF and OUT! 8-2
Top of the 8th over - 0 runs, 2 hits, 0 errors, 2 left on base; Augusta 15 - South Bend 3
BOTTOM OF THE 8TH
South Bend Cubs batting - Pitching for Augusta GreenJackets : LHP Ian Martin
Batting: SHB Benoît Morin 0-0: Ball
1-0: Ball
2-0: Foul Ball, location: 2F
2-1: Foul Ball, location: 2F
2-2: Ground out U3 (Groundball, 34S, EV 85.6 MPH)
Batting: LHB Jim Polson 0-0: Ground out 4-3 (Groundball, 4S, EV 90.0 MPH)
Batting: RHB Omar Novoa 0-0: SINGLE (Groundball, 34D, EV 97.5 MPH)
Batting: SHB Alvaro Andrade 0-0: Ball
1-0: Foul Ball, location: 2F
1-1: Foul Ball, location: 2F
1-2: Ball
2-2: Ball
3-2: Ground out 5-3 (Groundball, 56, EV 81.9 MPH)
Bottom of the 8th over - 0 runs, 1 hit, 0 errors, 1 left on base; Augusta 15 - South Bend 3
TOP OF THE 9TH
Augusta GreenJackets batting - Pitching for South Bend Cubs : RHP John Madden
Batting: RHB Omar Jordan 0-0: Called Strike
0-1: Ball
1-1: Foul Ball, location: 2F
1-2: Foul Ball, location: 2F
1-2: Foul Ball, location: 2F
1-2: Ball
2-2: SOLO HOME RUN (Flyball, 7D, EV 96.3 MPH), Distance : 383 ft
Batting: RHB Mike Buchanan 0-0: Ball
1-0: Ball
2-0: Called Strike
2-1: Ball
3-1: Base on Balls
Pitching: RHP Jason Scott
Batting: RHB Drew Duncan 0-0: Ball
1-0: Called Strike
1-1: Fly out, F9 (Flyball, 9LM, EV 106.3 MPH)
Batting: RHB Ian Richardson 0-0: Called Strike
0-1: DOUBLE (Flyball, 8LXD, EV 108.8 MPH)
Mike Buchanan to third
Runner from 3rd tries for Home, SAFE, throw by CF to home
Batting: RHB Mike Jones 0-0: Called Strike
0-1: Ground out 1-3 (Groundball, 13, EV 66.9 MPH)
Ian Richardson to third
Batting: RHB Devin Lowery 0-0: Ball
1-0: Called Strike
1-1: Foul Ball, location: 2F
1-2: Fly out, F4 (Line Drive, 4, EV 72.5 MPH)
Top of the 9th over - 2 runs, 2 hits, 0 errors, 1 left on base; Augusta 17 - South Bend 3
BOTTOM OF THE 9TH
South Bend Cubs batting - Pitching for Augusta GreenJackets : LHP Ian Martin
Batting: RHB Jason Ostrom 0-0: Called Strike
0-1: Ball
1-1: Foul Ball, location: 2F
1-2: Strikes out looking
Batting: LHB Andy Bordeaux 0-0: Foul Ball, location: 2F
0-1: Foul Ball, location: 2F
0-2: Ball
1-2: SINGLE (Groundball, 3D, EV 100.0 MPH)
Batting: RHB Mike Savage 0-0: Fielders Choice at 2nd, 1-4 (Groundball, P, EV 70.6 MPH)
Batting: LHB Mike DiNardo 0-0: Fly out, F9 (Flyball, 9, EV 83.1 MPH)
Bottom of the 9th over - 0 runs, 1 hit, 0 errors, 1 left on base; Augusta 17 - South Bend 3
Thursday, March 31st , 2022 - OOTP Baseball 22.12 Build 89